 Dungeon Crawl Stone Soup version 0.29-a0-362-g5854e031c7 (webtiles) character file.

Game seed: 1458880254461883969

226 Artihs the Caller (level 6, -3/42 HPs)
             Began as a Human Summoner on Apr 28, 2022.
             Was an Initiate of Gozag.
             Slain by a black bear (5 damage)
             ... created by the rage of Trog
             ... on level 4 of the Dungeon on Apr 29, 2022.
             The game lasted 00:51:10 (3970 turns).

Artihs the Caller (Human Summoner)                  Turns: 3970, Time: 00:51:12

Health: -3/42      AC:  3    Str:  9    XL:     6   Next: 22%
Magic:  7/11       EV: 12    Int: 17    God:    Gozag
Gold:   358        SH:  0    Dex: 13    Spells: 2/11 levels left

rFire   + . .      SeeInvis .   U - +10 club
rCold   + . .      Faith    .   (no shield)
rNeg    . . .      Spirit   .   t - +1 robe {rC+ rF+}
rPois   .          Reflect  .   (no helmet)
rElec   .          Harm     .   (no cloak)
rCorr   .          Rampage  .   (no gloves)
Will    .....                   (no boots)
Stlth   ++........              B - amulet of the acrobat
HPRegen 0.14/turn               (no ring)
MPRegen 0.12/turn               (no ring)

@: no status effects
A: no striking features
a: Renounce Religion, Potion Petition, Call Merchant, Bribe Branch


You were on level 4 of the Dungeon.
You worshipped Gozag.
Gozag was aware of your devotion.
You visited 1 branch of the dungeon, and saw 4 of its levels.

You collected 451 gold pieces.
You paid 93 gold pieces to Gozag.

Inventory:

Hand Weapons
 u - a +2 dagger of flaming
 U - a +10 club (weapon)
Missiles
 g - 82 stones
 P - 11 poisoned darts
Armour
 t - a +1 robe of resistance (worn)
 H - a +1 ring mail of willpower
Magical Staves
 N - a staff of poison
Jewellery
 B - an amulet of the acrobat (around neck)
Wands
 a - a wand of digging (8)
Scrolls
 d - 3 scrolls of teleportation {unknown}
 C - 2 scrolls of fear {unknown}
 D - 3 scrolls of noise {unknown}
 K - 2 scrolls of brand weapon {unknown}
Potions
 b - a potion of magic
 q - a potion of lignification {unknown}
 r - a potion of invisibility {unknown}
 M - 2 potions of degeneration {unknown}


   Skills:
 - Level 0.3 Fighting
 - Level 0.5 Short Blades
 + Level 0.3 Maces & Flails
 - Level 0.7 Polearms
 + Level 2.6 Dodging
 + Level 2.6 Stealth
 + Level 3.4 Spellcasting
 + Level 0.2 Hexes
 * Level 5.3 Summonings
 + Level 0.3 Evocations


You had 2 spell levels left.
You knew the following spells:

 Your Spells              Type           Power      Damage    Failure   Level
a - Summon Small Mammal   Summ           84%        N/A       1%          1
b - Call Imp              Summ           21%        N/A       2%          2
c - Call Canine Familiar  Summ           21%        N/A       5%          3
d - Summon Guardian Gole  Hex/Summ       12%        N/A       16%         3

Your spell library contained the following spells:

 Spells                   Type           Power      Damage    Failure   Level
 Corpse Rot               Necr/Air       4%         N/A       26%         2
 Poisonous Vapours        Pois/Air       4%         N/A       26%         2
 Tukima's Dance           Hex            3%         N/A       41%         3
 Portal Projectile        Hex/Tloc       6%         N/A       43%         3
 Summon Lightning Spire   Summ/Air       11%        N/A       50%         4
 Leda's Liquefaction      Hex/Erth       1%         N/A       85%         4
 Passage of Golubria      Tloc           2%         N/A       86%         4
 Yara's Violent Unravell  Hex/Tmut       1%         3d3       99%         5


Dungeon Overview and Level Annotations

Branches:
Dungeon (4/15)
 Temple: D:4-7

Altars:
Gozag
Trog

Shops:
D:2 =   D:3 *   D:4 [

Annotations:
D:3 Sigmund
D:4 Eustachio


Message History

You now have 358 gold pieces (gained 6).
Trog sends monsters to punish you.
A polar bear and 2 black bears come into view.
You swap places.
The black bear attacks as you move away!
The black bear completely misses you. The black bear misses you.
The black bear claws you.
Your quokka closely misses the black bear.
The polar bear bites your crimson imp!
The polar bear barely misses your crimson imp. x2
Your crimson imp blinks!
Your rat barely misses the black bear.
Your quokka bites the black bear but does no damage.
The black bear closely misses you. The black bear claws you.
The black bear closely misses you.
Your rat bites the black bear but does no damage.
The black bear misses you.
The black bear claws you but does no damage.
The black bear completely misses you.
The black bear attacks as you move away!
The black bear misses you. The black bear closely misses you.
The black bear claws you.
Your quokka closely misses the black bear.
Your rat barely misses the black bear.
Casting: Summon Small Mammal (safe; 1% risk of failure)
Confirm with . or Enter, or press ? or * to list all spells.
The black bear closely misses you. x3
You hit the polar bear.
The polar bear is lightly wounded.
The black bear closely misses you. The black bear barely misses you.
The black bear claws you.
Your crimson imp blinks!
Your quokka bites the black bear.
The polar bear bites you!!
Ouch! That really hurt!
* * * LOW HITPOINT WARNING * * *
The polar bear closely misses you. x2; The black bear bites you!
* * * LOW HITPOINT WARNING * * *
The black bear claws you.
You die...
Your body crumbles into a pile of gold.

#......# #......# +......#
+## ###......########## ..#
#.................. ..#
#.................. ..#
#........r......... ..#
#......§hr.........
..########.....h@hh.5.......
..............######+#######
..............#
..............#
..............#
..........##### ######....#
#....# #....#


You could see a polar bear (berserk), 2 black bears, a friendly hound
(summoned), a friendly crimson imp (summoned), a friendly quokka (summoned) and
a friendly rat (summoned).

Vanquished Creatures
  3 adders
  A worm (D:2)
  An orc (D:3)
  An endoplasm (D:2)
  2 goblins
  2 hobgoblins (D:3)
  3 jackals
  A ball python (D:4)
  A kobold (D:4)
  A rat (D:1)
16 creatures vanquished.

Vanquished Creatures (collateral kills)
  Jessica (D:3)
  An orc wizard (D:2)
  A gnoll (D:1)
  An adder (D:3)
  A worm (D:2)
  2 dart slugs (D:2)
  8 orcs
  13 endoplasms
  6 goblins
  10 hobgoblins
  7 jackals
  4 quokkas
  3 ball pythons
  8 bats
  4 frilled lizards
  10 kobolds
  6 rats
86 creatures vanquished.

Grand Total: 102 creatures vanquished

Notes
Turn   | Place    | Note
-------+----------+-------------------------------------------
     0 | D:1      | Artihs the Human Summoner began the quest for the Orb.
     0 | D:1      | Reached XP level 1. HP: 13/13 MP: 3/3
   158 | D:1      | Reached XP level 2. HP: 19/19 MP: 3/5
   246 | D:1      | Learned a level 2 spell: Call Imp
   583 | D:1      | Reached XP level 3. HP: 24/24 MP: 1/6
   636 | D:1      | Learned a level 3 spell: Call Canine Familiar
  1179 | D:1      | Reached XP level 4. HP: 30/30 MP: 4/7
  1800 | D:2      | Found Eghiadom's Jewellery Emporium.
  2123 | D:2      | Reached XP level 5. HP: 35/35 MP: 4/9
  2260 | D:2      | Found an opulent altar of Gozag.
  2411 | D:2      | Reached skill level 5 in Summonings
  3024 | D:3      | Learned a level 3 spell: Summon Guardian Golem
  3116 | D:3      | Noticed Sigmund
  3179 | D:3      | Found an opulent altar of Gozag.
  3179 | D:3      | Found Gozag's Platinum Reserve.
  3217 | D:3      | Found a faded altar of an unknown god.
  3224 | D:3      | Prayed at the altar of an unknown god.
  3224 | D:3      | Became a worshipper of Trog the Wrathful
  3224 | D:3      | Reached * piety under Trog
  3250 | D:3      | Fell from the grace of Trog
  3250 | D:3      | Became a worshipper of Gozag Ym Sagoz the Greedy
  3268 | D:3      | Noticed Jessica
  3280 | D:3      | Killed Jessica
  3563 | D:3      | Reached XP level 6. HP: 42/42 MP: 7/11
  3790 | D:4      | Noticed Eustachio
  3813 | D:4      | Found Upuji's Armour Emporium.
  3965 | D:4      | Noticed a black bear
  3965 | D:4      | Noticed a polar bear
  3965 | D:4      | Noticed a black bear
  3970 | D:4      | HP: 2/42 [black bear[the rage of Trog] (10)]
  3970 | D:4      | Slain by a black bear

Illustrated notes

Levels and vault maps discovered:
D:1:      amcnicky_arrival_single_pillar, layout_loops_ring,
          hangedman_decor_peaks_small, st_stairs_11
D:2:      minmay_diamond_boxcup, layout_loops_ring, serial_shops, shop,
          basic_altar
D:3:      minmay_angry_zag, layout_basic, nicolae_gozag_zags_fifth_avenue,
          dilly_ecumenical_altar_fadedgnrine, serial_glass, glass_columns_b,
          glass_columns_b, uniq_sigmund, uniq_jessica
D:4:      layout_gridville, serial_shops, shop,
          minmay_a_box_with_orc_wizards_in_it, uniq_ijyb, uniq_eustachio

Skill      XL: |  1  2  3  4  5 |
---------------+----------------+-----
Spellcasting   | 3 |  3.4
Summonings     | 5 |  5.3
Fighting       | |  0.3
Short Blades   | |  0.5
Maces & Flails | |  0.3
Polearms       | |  0.7
Dodging        | |  2.6
Stealth        | |  2.6
Hexes          | |  0.2
Evocations     | |  0.3

Action                   |  1- 3 |  4- 6 || total
-------------------------+-------+-------++-------
Melee: Spear             |    31 |     5 ||    36
       Dagger            |       |    22 ||    22
       Club              |       |    12 ||    12
 Cast: Summon Small Mamm |    35 |    80 ||   115
       Call Imp          |     5 |    21 ||    26
       Call Canine Famil |     2 |     6 ||     8
Armor: Robe              |    14 |    12 ||    26
Dodge: Dodged            |    40 |    49 ||    89

Table legend: (Time is in decaauts)
 A = Elapsed time spent in this place.
 B = Non-inter-level travel time spent in this place.
 C = Inter-level travel time spent in this place.
 D = Time resting spent in this place.
 E = Time spent auto-exploring this place.
 F = Levels seen in this place.
 G = Mean time per level.
                   A        B        C        D        E       F      G
               +--------+--------+--------+--------+--------+-----+--------+
         Total |   3974 |   3086 |    888 |    729 |   1387 |   4 |  993.5 |
       Dungeon |   3974 |   3086 |    888 |    729 |   1387 |   4 |  993.5 |
               +--------+--------+--------+--------+--------+-----+--------+

Top non-repeatable levels by time:
     D:1: 1730 daAuts
     D:2: 1178 daAuts
     D:3: 880 daAuts
     D:4: 184 daAuts
